 Dungeon Sprint DCSS version 0.30-a0-802-gb92711bcdf (webtiles) character file.

Game seed: 7943904451133207394

8900000 BigDaddyOpFi the Intangible (level 27, -23/228 HPs)
             Began as a Djinni Warper on Feb 23, 2023.
             Was the Champion of Makhleb.
             Killed by the air
             ... invoked by a tyrant
              (41 damage)
             ... in the Dungeon (Sprint VIII: "Arena of Blood").
             The game lasted 00:02:43 (89 turns).

BigDaddyOpFi the Intangible (Djinni Warper)           Turns: 89, Time: 00:02:44

Health: -23/228    AC:  6    Str: 10    XL:     27
Gold:   0          EV: 36    Int: 17    God:    Makhleb [******] SH:  0 Dex: 25

rFire   + + .      SeeInvis .    h - +∞ Axe of Woe
rCold   x . .      Faith    .    (shield currently unavailable)
rNeg    . . .      Spirit   .    a - +0 leather armour
rPois   ∞          Reflect  .    (no helmet)
rElec   .          Harm     .    (no cloak)
rCorr   .          Rampage  .    (no gloves)
Will    ++...      NoTele   +    (boots unavailable)
Stlth   ++++++++++               (no amulet)
HPRegen 0.58/turn                (no ring)
MPRegen 0.00/turn                (no ring)

@: flying
A: sickness immunity, fire resistance 2, cold vulnerability 1, float, innate
caster, HP casting, extra vitality 1
a: Renounce Religion, Minor Destruction, Lesser Servant of Makhleb, Major
Destruction, Greater Servant of Makhleb


You were in the Dungeon.
You worshipped Makhleb.
Makhleb was exalted by your worship.
You visited 1 branch

Inventory:

Hand Weapons
 h - the +∞ Axe of Woe (weapon)
   (You found it in the Dungeon)
Missiles
 c - 7 boomerangs of dispersal (quivered)
Armour
 a - a +0 leather armour (worn)
Scrolls
 b - 2 scrolls of blinking
Potions
 d - a potion of curing
 e - a potion of heal wounds
 f - a potion of haste
 g - a potion of berserk rage


   Skills:
 O Level 27 Fighting
 O Level 27 Short Blades
 O Level 27 Long Blades
 O Level 27 Axes
 O Level 27 Maces & Flails
 O Level 27 Polearms
 O Level 27 Staves
 O Level 27 Ranged Weapons
 O Level 27 Throwing
 O Level 27 Armour
 O Level 27 Dodging
 O Level 27 Stealth
 O Level 27 Shields
 O Level 27 Unarmed Combat
 O Level 27 Spellcasting
 O Level 27 Invocations
 O Level 27 Evocations


You knew the following spells:

 Your Spells              Type           Power      Damage    Failure   Level
a - Blink                 Tloc           100%       N/A       0%          2
b - Lesser Beckoning      Tloc           100%       N/A       0%          2
c - Vhi's Electric Charg  Tloc/Air       100%       N/A       0%          3
d - Teleport Other        Tloc           86%        N/A       0%          3
e - Manifold Assault      Tloc           86%        N/A       0%          4
f - Summon Small Mammal   Summ           100%       N/A       0%          1
g - Scorch                Fire           100%       2d10      0%          2
h - Static Discharge      Conj/Air       100%       2-7/arc   0%          2
i - Gell's Gravitas       Tloc           86%        N/A       0%          3
j - Summon Ice Beast      Ice/Summ       86%        N/A       0%          4
k - Lee's Rapid Deconstr  Erth           43%        3d21*     0%          5
l - Summon Cactus Giant   Summ           43%        N/A       0%          6
m - Starburst             Conj/Fire      43%        6d12      0%          6
n - Malign Gateway        Summ/Tloc      43%        N/A       1%          7
o - Ignition              Fire           43%        3d12      1%          8
p - Enfeeble              Hex            43%        N/A       1%          7
q - Discord               Hex            43%        N/A       1%          8
r - Polar Vortex          Ice            43%        N/A       2%          9
Your spell library was empty.

Dungeon Overview and Level Annotations

Branches:
Dungeon (1/1)

Altars:
Makhleb


Innate Abilities, Weirdness & Mutations

You are immune to sickness and miasma.
You are immune to poison.
Your flesh is very heat resistant. (rF++)
You are vulnerable to cold. (rC-)
You float through the air rather than walking.
You learn spells naturally, not from books.
Your magical power is your life essence.
You have superior vitality. (+4 MHP)


Message History

The accursed casts a spell at you. Something smites you!
* * * LOW HITPOINT WARNING * * *
Unknown command.
The tyrant shouts!
You dice the meat berserker like an onion!!!
You fatally mangle the meat berserker.
You kill the meat berserker!
Makhleb accepts your kill.
You feel better.
You slice one of the eight-headed meat hydra's heads off!
The seven-headed meat hydra grows two more!
You slash the nine-headed meat hydra!
You chop the nine-headed meat hydra into pieces.
You kill the nine-headed meat hydra!
Makhleb accepts your kill.
You feel better.
You slice the bag of meat!!
You hew the bag of meat savagely.
You blow up the bag of meat!
Makhleb accepts your kill.
You feel better.
You hear a shout!
A meat beast comes into view. x2
You hear a shout!
The eight-headed meat hydra calls on the powers of darkness!
The eight-headed meat hydra convulses! x2; Your body is wracked with pain!
* * * LOW HITPOINT WARNING * * *
Something is bathed in an unholy light!
The bag of meat convulses! x3
A meat berserker comes into view. It is wielding a +9 battleaxe.
The accursed casts a spell at you. Something smites you!
* * * LOW HITPOINT WARNING * * *
You hear a shout! x2
A bag of meat comes into view. It is wielding a +9 war axe.
An eight-headed meat hydra comes into view.
You feel something staring at you. Something smites you!
* * * LOW HITPOINT WARNING * * *
The tyrant waves its bony arms in wide circles.
The air twists around and strikes you!!!
You die... o

....... #.......#
.o..#.... #.......# .
..#....M.###.......###..
oV..L.........###.......
.L....#........_........
.2..#oo))...#)..))# ....
#..o..M.)..#_.<)_#.o...
...#V)2))..#...))#.....
.....#@))....._.O)o....
D...O§.)))...)###.o.....
...D...))###.O..)..###..
...D...... #......O# .
...........#..o....#
..#...........o.....
.#.#.#...............
.#.#.........o......
.#.#..............##


You could see 2 accurseds, 2 meat beasts, 2 tyrants, 3 eight-headed meat hydras,
2 destroyers, 2 meat berserkers and 5 bags of meat.

Vanquished Creatures
  Sigmund (D)
  8 hell beasts (D)
  2 royal mummies (D)
  3 wraiths (D)
  13 vampire knights (D)
  40 ogres (D)
  7 two-headed ogres (D)
  2 liches (D)
  2 hydras (D)
  2 phantoms (D)
  79 orcs (D)
  4 skeletal warriors (D)
163 creatures vanquished.

Vanquished Creatures (others)
  An ogre (D)
  A two-headed ogre (D)
2 creatures vanquished.

Grand Total: 165 creatures vanquished

Notes
Turn   | Place    | Note
-------+----------+-------------------------------------------
     0 | D        | Found the +∞ Axe of Woe
     0 | D        | BigDaddyOpFi the Djinni Warper began the quest for the Orb.
     0 | D        | BigDaddyOpFi set off with the following spells memorised:
                  | Blink, Lesser Beckoning, Vhi's Electric Charge, Teleport
                  | Other, Manifold Assault.
     0 | D        | Reached XP level 1. HP: 18/18 MP: 0/0
     2 | D        | Noticed a bag of meat
     2 | D        | Noticed a bag of meat
     3 | D        | Noticed a bag of meat
     4 | D        | Became a worshipper of Makhleb the Destroyer
     4 | D        | Noticed a bag of meat
     5 | D        | Noticed a bag of meat
     5 | D        | Noticed a bag of meat
     8 | D        | Noticed a meat berserker
     9 | D        | Killed a bag of meat
     9 | D        | Killed a bag of meat
     9 | D        | Reached * piety under Makhleb
    10 | D        | Reached skill level 10 in Fighting
    10 | D        | Reached skill level 10 in Armour
    10 | D        | Reached skill level 10 in Unarmed Combat
    10 | D        | Reached skill level 10 in Invocations
    10 | D        | Reached XP level 2. HP: 22/36 MP: 0/0
    10 | D        | Reached XP level 3. HP: 25/41 MP: 0/0
    10 | D        | Learned a level 1 spell: Summon Small Mammal
    10 | D        | Reached XP level 4. HP: 29/47 MP: 0/0
    10 | D        | Reached XP level 5. HP: 32/52 MP: 0/0
    10 | D        | Learned a level 2 spell: Scorch
    10 | D        | Reached XP level 6. HP: 36/58 MP: 0/0
    10 | D        | Reached XP level 7. HP: 40/64 MP: 0/0
    10 | D        | Learned a level 2 spell: Static Discharge
    10 | D        | Reached XP level 8. HP: 43/69 MP: 0/0
    10 | D        | Reached XP level 9. HP: 47/75 MP: 0/0
    10 | D        | Learned a level 3 spell: Gell's Gravitas
    10 | D        | Reached XP level 10. HP: 51/81 MP: 0/0
    10 | D        | Reached XP level 11. HP: 54/86 MP: 0/0
    10 | D        | Learned a level 4 spell: Summon Ice Beast
    10 | D        | Reached XP level 12. HP: 58/92 MP: 0/0
    10 | D        | Killed a bag of meat
    10 | D        | Killed a bag of meat
    11 | D        | Reached skill level 10 in Axes
    11 | D        | Reached skill level 10 in Throwing
    11 | D        | Reached XP level 13. HP: 88/101 MP: 0/0
    11 | D        | Learned a level 5 spell: Lee's Rapid Deconstruction
    11 | D        | Killed a bag of meat
    11 | D        | Reached ** piety under Makhleb
    11 | D        | Killed a meat berserker
    12 | D        | Reached skill level 15 in Dodging
    12 | D        | Reached XP level 14. HP: 75/111 MP: 0/0
    12 | D        | Killed a bag of meat
    12 | D        | Noticed a meat berserker
    13 | D        | Reached XP level 15. HP: 80/117 MP: 0/0
    13 | D        | Learned a level 6 spell: Summon Cactus Giant
    13 | D        | Noticed a meat berserker
    14 | D        | Killed a meat berserker
    14 | D        | Reached *** piety under Makhleb
    15 | D        | Reached skill level 15 in Fighting
    15 | D        | Reached skill level 15 in Armour
    15 | D        | Reached skill level 15 in Unarmed Combat
    16 | D        | Killed a meat berserker
    17 | D        | Reached skill level 15 in Invocations
    17 | D        | Reached XP level 16. HP: 128/128 MP: 0/0
    17 | D        | Noticed a meat berserker
    17 | D        | Noticed a large bag of meat
    18 | D        | Noticed a large bag of meat
    18 | D        | Killed a meat berserker
    19 | D        | Reached skill level 15 in Stealth
    19 | D        | Noticed a destroyer
    19 | D        | Noticed a meat berserker
    19 | D        | Reached **** piety under Makhleb
    19 | D        | Noticed a meat berserker
    19 | D        | Noticed a meat berserker
    20 | D        | Killed a meat berserker
    20 | D        | Noticed a meat berserker
    21 | D        | Reached XP level 17. HP: 137/137 MP: 0/0
    21 | D        | Learned a level 6 spell: Starburst
    21 | D        | Noticed a meat berserker
    21 | D        | Killed a destroyer
    22 | D        | Reached skill level 15 in Axes
    22 | D        | Reached skill level 15 in Throwing
    22 | D        | Noticed a meat berserker
    22 | D        | Noticed a large bag of meat
    22 | D        | Killed a meat berserker
    22 | D        | Noticed a destroyer
    22 | D        | Noticed a meat berserker
    23 | D        | Reached skill level 15 in Spellcasting
    23 | D        | Reached XP level 18. HP: 145/148 MP: 0/0
    23 | D        | Noticed a large bag of meat
    23 | D        | Noticed a meat berserker
    23 | D        | Noticed a meat berserker
    23 | D        | Noticed a large bag of meat
    23 | D        | Reached ***** piety under Makhleb
    23 | D        | Noticed a meat berserker
    24 | D        | Killed a meat berserker
    25 | D        | Killed a destroyer
    25 | D        | Killed a meat berserker
    25 | D        | Killed a meat berserker
    25 | D        | Noticed a meat berserker
    25 | D        | Noticed a meat berserker
    26 | D        | Reached XP level 19. HP: 160/160 MP: 0/0
    26 | D        | Learned a level 7 spell: Malign Gateway
    26 | D        | Noticed a meat berserker
    26 | D        | Killed a large bag of meat
    26 | D        | Killed a large bag of meat
    26 | D        | Reached ****** piety under Makhleb
    26 | D        | Noticed a destroyer
    27 | D        | Reached XP level 20. HP: 149/169 MP: 0/0
    27 | D        | Noticed a meat berserker
    28 | D        | Killed a meat berserker
    28 | D        | Killed a destroyer
    29 | D        | Reached XP level 21. HP: 147/179 MP: 0/0
    29 | D        | Learned a level 8 spell: Ignition
    29 | D        | Killed a meat berserker
    29 | D        | Killed a meat berserker
    29 | D        | Noticed a meat berserker
    30 | D        | Reached skill level 27 in Dodging
    30 | D        | Killed a meat berserker
    30 | D        | Killed a meat berserker
    31 | D        | Reached XP level 22. HP: 187/193 MP: 0/0
    32 | D        | Noticed a large bag of meat
    33 | D        | Reached skill level 27 in Fighting
    33 | D        | Reached skill level 27 in Armour
    33 | D        | Reached skill level 27 in Unarmed Combat
    33 | D        | Reached skill level 27 in Invocations
    33 | D        | Killed a large bag of meat
    33 | D        | Killed a large bag of meat
    33 | D        | Noticed a meat berserker
    34 | D        | Reached skill level 27 in Stealth
    34 | D        | Reached XP level 23. HP: 172/201 MP: 0/0
    34 | D        | Learned a level 7 spell: Enfeeble
    34 | D        | Killed a large bag of meat
    35 | D        | Reached skill level 27 in Axes
    35 | D        | Reached skill level 27 in Throwing
    35 | D        | Reached skill level 27 in Spellcasting
    35 | D        | Reached skill level 15 in Maces & Flails
    35 | D        | Reached skill level 15 in Polearms
    35 | D        | Reached XP level 24. HP: 195/208 MP: 0/0
    38 | D        | Reached XP level 25. HP: 208/214 MP: 0/0
    38 | D        | Learned a level 8 spell: Discord
    38 | D        | Noticed a destroyer
    39 | D        | Reached skill level 27 in Maces & Flails
    39 | D        | Reached skill level 27 in Polearms
    39 | D        | Reached skill level 5 in Staves
    41 | D        | Reached XP level 26. HP: 221/221 MP: 0/0
    41 | D        | Killed a large bag of meat
    42 | D        | Reached skill level 27 in Staves
    42 | D        | Reached skill level 10 in Short Blades
    42 | D        | Reached skill level 10 in Long Blades
    42 | D        | Noticed a tyrant
    43 | D        | Noticed a destroyer
    44 | D        | Killed a destroyer
    44 | D        | Noticed a destroyer
    45 | D        | Reached skill level 15 in Ranged Weapons
    45 | D        | Reached XP level 27. HP: 224/228 MP: 0/0
    45 | D        | Learned a level 9 spell: Polar Vortex
    46 | D        | Noticed a large bag of meat
    48 | D        | Killed a destroyer
    48 | D        | Noticed a destroyer
    51 | D        | Killed a destroyer
    53 | D        | Noticed an accursed
    53 | D        | Noticed a destroyer
    54 | D        | Killed a tyrant
    54 | D        | Noticed a destroyer
    55 | D        | Killed a large bag of meat
    55 | D        | Killed a destroyer
    56 | D        | Reached skill level 27 in Short Blades
    56 | D        | Reached skill level 27 in Long Blades
    56 | D        | Reached skill level 27 in Ranged Weapons
    56 | D        | Reached skill level 27 in Shields
    56 | D        | Reached skill level 27 in Evocations
    56 | D        | Killed a destroyer
    58 | D        | Killed an accursed
    58 | D        | Noticed a dread
    62 | D        | Noticed a destroyer
    62 | D        | HP: 3/228 [meat berserker/+9 battleaxe (72)]
    63 | D        | Killed a destroyer
    63 | D        | Noticed a meat beast
    63 | D        | Noticed The Captor
    63 | D        | Noticed an accursed
    64 | D        | Noticed a meat beast
    66 | D        | Killed a meat beast
    67 | D        | Killed a meat beast
    67 | D        | Noticed a meat beast
    69 | D        | Killed The Captor
    69 | D        | Noticed a destroyer
    69 | D        | Noticed a dread
    70 | D        | Noticed a dread
    71 | D        | Killed a destroyer
    71 | D        | Killed a dread
    71 | D        | Killed a meat beast
    73 | D        | Noticed a meat beast
    73 | D        | Killed an accursed
    74 | D        | Killed a destroyer
    74 | D        | Noticed a meat beast
    74 | D        | Noticed an accursed
    75 | D        | Noticed a meat beast
    76 | D        | Noticed a destroyer
    76 | D        | Noticed a destroyer
    76 | D        | Killed a meat beast
    76 | D        | Killed a meat beast
    76 | D        | Killed a dread
    76 | D        | Noticed a tyrant
    77 | D        | Killed a meat beast
    77 | D        | Noticed a meat beast
    79 | D        | Noticed a meat beast
    79 | D        | Noticed a destroyer
    80 | D        | Killed a meat beast
    80 | D        | Killed a dread
    83 | D        | Noticed a tyrant
    83 | D        | HP: 11/228 [??? (9)]
    84 | D        | Killed a tyrant
    84 | D        | Killed a meat beast
    84 | D        | Noticed a meat beast
    86 | D        | Killed a destroyer
    86 | D        | Killed a destroyer
    86 | D        | Noticed a destroyer
    87 | D        | Noticed an accursed
    87 | D        | Killed a large bag of meat
    87 | D        | Noticed a tyrant
    88 | D        | HP: 7/228 [accursed/divine providence (12)]
    89 | D        | Noticed a meat beast
    89 | D        | Noticed a meat beast
    89 | D        | Killed from afar by a tyrant

Illustrated notes

Levels and vault maps discovered:
D:        meatsprint

Skill      XL: |  1  2  3  4  5  6  7  8  9 10 11 12 13 14 15 16 17 18 19 20 21 22 23 24 25 26 27 |
---------------+----------------------------------------------------------------------------------+-----
Fighting       | 10 12 13 14 15 17 19 21 22 24 26 27 | 27.0
Axes           | 8 10 11 12 13 14 16 18 19 20 22 26 27 | 27.0
Throwing       | 8 10 11 12 13 14 16 18 19 20 23 26 27 | 27.0
Armour         | 10 12 13 14 15 17 18 21 22 24 26 27 | 27.0
Dodging        | 11 13 15 17 19 20 23 24 26 27 | 27.0
Stealth        | 9 11 12 13 14 16 17 20 21 22 24 27 | 27.0
Unarmed Combat | 10 12 13 14 15 17 19 21 22 24 26 27 | 27.0
Spellcasting   | 8 9 11 12 13 15 17 18 19 21 24 27 | 27.0
Invocations    | 10 11 13 14 15 17 18 21 22 24 26 27 | 27.0
Maces & Flails | 15 24 27 | 27.0
Polearms       | 15 24 27 | 27.0
Staves         | 26 27 | 27.0
Short Blades   | 16 27 | 27.0
Long Blades    | 16 27 | 27.0
Ranged Weapons | 15 27 | 27.0
Shields        | 18 27 | 27.0
Evocations     | 18 27 | 27.0

Action                     |  1- 3 |  4- 6 |  7- 9 | 10-12 | 13-15 | 16-18 | 19-21 | 22-24 | 25-27 || total
---------------------------+-------+-------+-------+-------+-------+-------+-------+-------+-------++-------
  Melee: Executioner's axe |     1 |       |       |     1 |     4 |     8 |     4 |     7 |    43 ||    68
   Cast: Vhi's Electric Ch |       |       |       |       |       |     6 |     1 |       |       ||     7
         Summon Small Mamm |       |       |       |       |       |       |       |       |     1 ||     1
 Armour: Leather armour    |       |       |       |       |       |       |       |       |     2 ||     2
  Dodge: Dodged            |       |       |       |       |       |       |     2 |       |    12 ||    14

Table legend: (Time is in decaauts)
 A = Elapsed time spent in this place.
 B = Non-inter-level travel time spent in this place.
 C = Inter-level travel time spent in this place.
 D = Time resting spent in this place.
 E = Time spent auto-exploring this place.
 F = Levels seen in this place.
 G = Mean time per level.
                   A        B        C        D        E       F      G
               +--------+--------+--------+--------+--------+-----+--------+
         Total |     84 |     84 |      0 |      0 |      0 |   1 |   84.0 |
       Dungeon |     84 |     84 |      0 |      0 |      0 |   1 |   84.0 |
               +--------+--------+--------+--------+--------+-----+--------+

Top non-repeatable levels by time:
       D: 84 daAuts
